 Dungeon Crawl Stone Soup version 0.28-a0-479-g5baa6b73be (webtiles) character file.

Game seed: 5850697124887987131

784 funkygono the Firebug (level 7, -3/36 HPs)
             Began as a Gargoyle Fire Elementalist on Sept 17, 2021.
             Was a Follower of Vehumet.
             Slain by a gnoll (6 damage)
             ... on level 4 of the Dungeon.
             The game lasted 00:09:39 (5470 turns).

funkygono the Firebug (Gargoyle Fire Elementalist)  Turns: 5470, Time: 00:09:39

Health: -3/36      AC:  7    Str: 18    XL:     7   Next: 86%
Magic:  4/15       EV: 12    Int: 17    God:    Vehumet [*.....]
Gold:   168        SH:  0    Dex: 10    Spells: 6/16 levels left

rFire   . . .      SeeInvis .   e - +0 whip
rCold   . . .      Faith    .   (no shield)
rNeg    + . .      Spirit   .   a - +0 robe
rPois   ∞          Reflect  .   (no helmet)
rElec   +          Harm     .   (no cloak)
rCorr   .          Rampage  .   l - +0 pair of gloves
Will    .....                   (no boots)
Stlth   ++........              (no amulet)
HPRegen 0.12/turn               i - +4 ring of slaying
MPRegen 0.14/turn               b - +6 ring of strength

@: very slightly contaminated
A: sickness immunity, AC +4, negative energy resistance 1, electricity
resistance, torment resistance 1, petrification resistance
a: Renounce Religion


You were on level 4 of the Dungeon.
You worshipped Vehumet.
Vehumet was aware of your devotion.
You visited 2 branches of the dungeon, and saw 5 of its levels.

You collected 168 gold pieces.

Inventory:

Hand Weapons
 e - a +0 whip (weapon)
Missiles
 h - 117 stones
Armour
 a - a +0 robe (worn)
 l - a +0 pair of gloves (worn)
Jewellery
 b - a +6 ring of strength (right hand)
 i - a +4 ring of slaying (left hand)
Wands
 o - a wand of iceblast (8)
Scrolls
 d - 3 scrolls of identify
 k - 2 scrolls of teleportation
 m - a scroll of enchant armour {unknown}
 n - a scroll of noise {unknown}
Potions
 c - 3 potions of heal wounds
 f - 2 potions of mutation
 g - 2 potions of attraction
 j - a potion of lignification


   Skills:
 + Level 0.1 Fighting
 + Level 1.1 Maces & Flails
 + Level 1.8 Dodging
 - Level 2.1 Stealth
 * Level 5.4 Spellcasting
 * Level 4.0 Conjurations
 * Level 5.6 Fire Magic


You had 6 spell levels left.
You knew the following spells:

 Your Spells              Type           Power      Damage    Failure   Level
a - Foxfire               Conj/Fire      84%        2x1d8     1%          1
b - Scorch                Fire           46%        2d7       1%          2
c - Conjure Flame         Conj/Fire      21%        6-21      5%          3
d - Flame Wave            Conj/Fire      21%        3d6       19%         4

Your spell library contained the following spells:

 Spells                   Type           Power      Damage    Failure   Level
 Magic Dart               Conj           72%        1d6       2%          1
 Inner Flame              Hex/Fire       14%        N/A       13%         3


Dungeon Overview and Level Annotations

Branches:
Dungeon (4/15)             Temple (1/1) D:4

Altars:
Cheibriados
Elyvilon
Fedhas
Gozag
Makhleb
Okawaru
Qazlal
Ru
Sif Muna
Vehumet
Wu Jian
Xom
Zin
The Shining One

Shops:
D:1 :


Innate Abilities, Weirdness & Mutations

You are immune to sickness and miasma.
Your stone body is resilient. (AC +4)
You are immune to poison.
You resist negative energy. (rN+)
You are resistant to electric shocks. (rElec)
You are resistant to unholy torment.
You are immune to petrification.


Message History

The jackal closely misses you. The jackal bites you.
The jackal bites you but does no damage.
You barely miss the jackal.
The jackal bites you but does no damage.
You miss the jackal.
The jackal bites you but does no damage.
The jackal closely misses you.
You miss the jackal.
The jackal bites you but does no damage.
You closely miss the jackal.
The sentinel's mark upon you fades away.
The jackal misses you.
The jackal bites you but does no damage.
You barely miss the jackal. The jackal barely misses you.
You whack the jackal!
You kill the jackal!
Vehumet accepts your kill.
You feel your power returning.
You closely miss the orc. The orc hits you with a +0 flail.
The gnoll hits you but does no damage.
Casting: Foxfire (safe; 1% risk of failure)
Confirm with . or Enter, or press ? or * to list all spells.
Flames lash the orc.
The orc is moderately wounded.
The orc's fire resistance burns away.
The orc misses you. The gnoll barely misses you.
Casting: Scorch (safe; 1% risk of failure)
Confirm with . or Enter, or press ? or * to list all spells.
You miscast Scorch.
You are very lightly contaminated with residual magic.
Nothing appears to happen.
The orc misses you.
The gnoll hits you from afar with a +0 halberd!
* * * LOW HITPOINT WARNING * * *
You hit the orc.
The orc is severely wounded.
The orc is no longer more vulnerable to fire.
The orc closely misses you.
The gnoll hits you from afar with a +0 halberd.
You die...

.#....############.8...8####.##.#
......#.........##...>.8# #.##.#
##....#.........##.8...8# #.##.#
.'....#............#888## #.##.#
##....#......_)....#...... #.#
#....#.....^.^.#..#.##########.#
######.....)...#..#.# .[.......#
######'#######....#######..
#gogo@.............'..
############.##################..
........)...)...).).............P
≈≈≈≈≈≈≈≈≈≈≈.)..≈≈≈≈≈≈≈≈≈≈≈≈≈≈≈≈≈≈
≈≈≈≈≈≈≈≈≈≈≈.)..≈≈≈≈≈≈≈≈≈≈≈≈≈≈≈≈≈≈
≈≈≈≈≈≈≈≈≈≈≈))..≈≈≈≈≈≈≈≈≈≈≈≈#####≈
............)).............#...#≈
###########'))'#############...#≈
#))†.# #g###≈


You could see 2 gnolls and 2 orcs.

Vanquished Creatures
  3 ogres (D:4)
  A howler monkey (D:4)
  3 hounds (D:4)
  An orc priest (D:4)
  An orc wizard (D:4)
  A hound skeleton (D:4)
  15 gnolls
  4 adders
  2 adder skeletons (D:4)
  An adder zombie (D:1)
  A worm (D:3)
  3 dart slugs
  19 orcs
  6 bats (D:1)
  A bat zombie (D:1)
  9 endoplasms
  2 giant cockroaches (D:1)
  11 goblins
  3 hobgoblins
  21 jackals
  2 quokkas (D:1)
  5 ball pythons
  5 frilled lizards
  7 kobolds
127 creatures vanquished.

Vanquished Creatures (collateral kills)
  2 foxfires (D:4)
2 creatures vanquished.

Vanquished Creatures (others)
  338 foxfires
  2 plants (D:4)
340 creatures vanquished.

Grand Total: 469 creatures vanquished

Notes
Turn   | Place    | Note
-------+----------+-------------------------------------------
     0 | D:1      | funkygono the Gargoyle Fire Elementalist began the quest
                  | for the Orb.
     0 | D:1      | Reached XP level 1. HP: 10/10 MP: 3/3
    88 | D:1      | Reached XP level 2. HP: 15/15 MP: 0/5
   236 | D:1      | Learned a level 2 spell: Scorch
   255 | D:1      | Found Darghogg's Book Shoppe.
   502 | D:1      | Reached XP level 3. HP: 19/19 MP: 0/6
   506 | D:1      | Learned a level 3 spell: Conjure Flame
  1578 | D:1      | Reached XP level 4. HP: 18/24 MP: 4/8
  2617 | D:3      | Found a faded altar of an unknown god.
  2941 | D:3      | Reached XP level 5. HP: 28/28 MP: 5/10
  2946 | D:3      | Learned a level 4 spell: Flame Wave
  3835 | D:4      | Found a staircase to the Ecumenical Temple.
  3837 | D:4      | Noticed an ogre
  3845 | D:4      | Killed an ogre
  3846 | D:4      | Reached skill level 1 in Maces & Flails
  3846 | D:4      | Reached XP level 6. HP: 32/32 MP: 1/12
  3853 | D:4      | Found a shimmering altar of Xom.
  3856 | Temple   | Entered the Ecumenical Temple
  3984 | Temple   | Became a worshipper of Vehumet
  4880 | D:4      | Reached XP level 7. HP: 36/36 MP: 9/14
  4984 | D:4      | Reached * piety under Vehumet
  4984 | D:4      | Offered knowledge of Magic Dart by Vehumet.
  5077 | D:4      | Reached skill level 5 in Fire Magic
  5109 | D:4      | Reached skill level 5 in Spellcasting
  5470 | D:4      | Slain by a gnoll

Illustrated notes

Levels and vault maps discovered:
D:1:      saegor_arrival_fortress, layout_basic, serial_shops,
          nicolae_square_shop, minmay_misc_feat_roman
D:2:      layout_rooms
D:3:      layout_basic, dreamdust_ecumenical_altar_angels_and_demons,
          chequers_serial_rivers_micro_c
D:4:      lemuel_castle_with_subvaults [lemuel_castle_interior_carwin_2],
          layout_basic, xom_teletrap_fun, minmay_temple_entry_statues
Temple:   dshaligram_water_room_temple

Skill      XL: |  1  2  3  4  5  6  7 |
---------------+----------------------+-----
Conjurations   | 2 3 4 |  4.0
Spellcasting   | 3 4 5 |  5.4
Fire Magic     | 4 5 |  5.6
Maces & Flails | 1 |  1.1
Fighting       | |  0.1
Dodging        | |  1.8
Stealth        | |  2.1

Action                   |  1- 3 |  4- 6 |  7- 9 || total
-------------------------+-------+-------+-------++-------
Melee: Unarmed           |     8 |       |       ||     8
       Club              |    16 |       |       ||    16
       Whip              |     4 |    24 |    26 ||    54
 Cast: Foxfire           |    50 |    98 |    62 ||   210
       Scorch            |     7 |    11 |     3 ||    21
  Use: Scroll            |       |     8 |       ||     8
Armor: Robe              |    17 |     9 |    14 ||    40
Dodge: Dodged            |    27 |    13 |    23 ||    63

Table legend: (Time is in decaauts)
 A = Elapsed time spent in this place.
 B = Non-inter-level travel time spent in this place.
 C = Inter-level travel time spent in this place.
 D = Time resting spent in this place.
 E = Time spent auto-exploring this place.
 F = Levels seen in this place.
 G = Mean time per level.
                   A        B        C        D        E       F      G
               +--------+--------+--------+--------+--------+-----+--------+
         Total |   5483 |   5327 |    156 |    386 |   4058 |   5 | 1096.6 |
       Dungeon |   5321 |   5189 |    132 |    386 |   3933 |   4 | 1330.2 |
        Temple |    161 |    138 |     23 |      0 |    125 |   1 |  161.0 |
               +--------+--------+--------+--------+--------+-----+--------+

Top non-repeatable levels by time:
     D:1: 2118 daAuts
     D:4: 1790 daAuts
     D:3: 980 daAuts
     D:2: 432 daAuts
  Temple: 161 daAuts
